 Dungeon Crawl Stone Soup version 0.21-a0-426-g98080a9 (webtiles) character file.

6372 kae the Carver (level 10, -11/91 HPs)
             Began as a Minotaur Fighter on Nov 7, 2017.
             Was a Follower of Okawaru.
             Mangled by a ten-headed hydra (12 damage)
             ... on level 1 of the Lair of Beasts.
             The game lasted 00:10:43 (10129 turns).

kae the Carver (Minotaur Fighter)                  Turns: 10129, Time: 00:10:44

Health: -11/91     AC: 10    Str: 26    XL:     10   Next: 65%
Magic:  11/11      EV: 15    Int:  7    God:    Okawaru [*.....]
Gold:   460        SH:  8    Dex: 11    Spells: 9/9 levels left

rFire    . . .     SeeInvis .   a - +0 long sword
rCold    + . .     Gourm    +   p - +2 buckler
rNeg     . . .     Faith    .   b - +0 scale mail
rPois    .         Spirit   .   (helmet restricted)
rElec    .         Reflect  .   t - scarf {repulsion}
rCorr    .         Harm     .   (no gloves)
MR       .....                  y - +1 pair of boots
Stlth    ..........             K - amulet of the gourmand (curse)
HPRegen  0.25/turn              m - ring of protection from cold
MPRegen  0.12/turn              G - +5 ring of evasion

@: mighty, repel missiles
A: retaliatory headbutt, horns 2
a: Heroism, Renounce Religion


You were on level 1 of the Lair of Beasts.
You worshipped Okawaru.
Okawaru was aware of your devotion.
You were completely stuffed.

You visited 3 branches of the dungeon, and saw 10 of its levels.

You collected 460 gold pieces.

Inventory:

Hand Weapons
 a - a +0 long sword (weapon)
Armour
 b - a +0 scale mail (worn)
 c - a +0 shield
 h - a +0 pair of boots
 p - a +2 buckler (worn)
 t - a scarf of repulsion (worn)
 y - a +1 pair of boots (worn)
Jewellery
 m - a ring of protection from cold (left hand)
 o - an uncursed ring of flight
 G - a +5 ring of evasion (right hand)
 K - a cursed amulet of the gourmand (around neck)
 S - an uncursed ring of ice
Wands
 C - a wand of flame (20/48)
 D - a wand of flame (18/48)
 E - a wand of paralysis (14/24)
 F - a wand of flame (9/48)
 L - a wand of paralysis (11/24)
 M - a wand of flame (18/48)
Scrolls
 d - 3 scrolls of remove curse
 k - 2 scrolls of blinking
 q - a scroll of magic mapping
 s - 2 scrolls of noise
 w - 4 scrolls of enchant armour
 A - a scroll of fear
 B - 2 scrolls of teleportation
 J - 5 scrolls of amnesia
 O - a scroll of fog
Potions
 e - 2 potions of agility {unknown}
 i - 3 potions of heal wounds
 j - a potion of mutation
 l - 5 potions of brilliance
 n - a potion of haste
 v - 2 potions of lignification
 x - 6 potions of curing {unknown}
 z - a potion of flight {unknown}
 H - 2 potions of invisibility
 P - a potion of resistance {unknown}
 Q - 2 potions of cancellation {unknown}
Books
 r - a book of Necromancy

   Spells                             Type                      Level
   a - Pain                           Necromancy                   1
   b - Animate Skeleton               Necromancy                   1
   c - Vampiric Draining              Necromancy                   3
   d - Regeneration                   Charms/Necromancy            3
   e - Animate Dead                   Necromancy                   4
   f - Control Undead                 Necromancy                   4
 R - a book of Callings

   Spells                             Type                      Level
   a - Summon Small Mammal            Summoning                    1
   b - Call Imp                       Summoning                    2
   c - Call Canine Familiar           Summoning                    3
   d - Summon Guardian Golem          Hexes/Summoning              3
   e - Summon Lightning Spire         Summoning/Air                4
   f - Summon Ice Beast               Ice/Summoning                4
Comestibles
 f - 7 bread rations
 g - 11 royal jellies
 u - 2 meat rations
 I - 4 fruits


   Skills:
 + Level 9.2 Fighting
 * Level 12.0 Long Blades
 + Level 9.3 Armour
 + Level 9.2 Shields
 * Level 2.7 Invocations
 + Level 1.5 Evocations


You had 9 spell levels left.
You didn't know any spells.

Dungeon Overview and Level Annotations

Branches:
Dungeon (8/15)             Temple (1/1) D:4            Lair (1/6) D:8

Altars:
Ashenzari
Cheibriados
Dithmenos
Elyvilon
Fedhas
Gozag
Hepliaklqana
Kikubaaqudgha
Makhleb
Nemelex Xobeh
Okawaru
Qazlal
Ru
Sif Muna
Trog
Uskayaw
Vehumet
Wu Jian
Xom
Yredelemnul
Zin
The Shining One

Shops:
D:6 :


Innate Abilities, Weirdness & Mutations

You reflexively headbutt those who attack you in melee.
You have a pair of horns on your head.


Message History

The nine-headed hydra bites you.
* * * LOW HITPOINT WARNING * * *
The nine-headed hydra misses you. x2; The nine-headed hydra bites you.
* * * LOW HITPOINT WARNING * * *
You hack one of the nine-headed hydra's heads off!
The eight-headed hydra grows two more!
You slice the ten-headed hydra!!
The ten-headed hydra is heavily wounded.
The ten-headed hydra bites you!
* * * LOW HITPOINT WARNING * * *
The ten-headed hydra bites you!
* * * LOW HITPOINT WARNING * * *
The ten-headed hydra misses you. The ten-headed hydra bites you.
* * * LOW HITPOINT WARNING * * *
The ten-headed hydra bites you but does no damage.
The ten-headed hydra bites you.
* * * LOW HITPOINT WARNING * * *
The ten-headed hydra bites you but does no damage.
You block the ten-headed hydra's attack.
The ten-headed hydra bites you!
You die...

#.............#
##.............#
#..............###
#............)>..#
##...........###...
#...........## #...
##.#......### ####
#..######.# # #@##
## # #D# # #.. #
#..# # ##.# # .. #
.. #.#


You could see a ten-headed hydra.

Vanquished Creatures
  Fannar (Lair:1)
  A spiny frog (Lair:1)
  A komodo dragon (Lair:1)
  A queen bee (D:8)
  A hippogriff (D:7)
  Sigmund (D:4)
  A wyvern (D:5)
  Edmund (D:4)
  3 porcupines
  3 orc warriors
  2 black bears
  An ice beast (D:6)
  2 sky beasts
  2 ogres
  A centaur (D:8)
  A phantom (D:5)
  Blork the orc (D:4)
  A gnoll sergeant (D:6)
  4 bullfrogs
  3 scorpions
  24 killer bees
  7 howler monkeys
  4 crimson imps
  A centaur zombie (D:6)
  A gnoll shaman (D:5)
  An orc priest (D:8)
  3 hounds
  5 orc wizards
  3 iguanas
  7 worker ants
  A killer bee zombie (D:7)
  A hound skeleton (D:5)
  2 worker ant zombies
  12 gnolls
  11 adders
  2 howler monkey skeletons
  2 shadow imps
  An ooze (D:3)
  An adder zombie (D:5)
  2 adder skeletons
  A dart slug (D:4)
  6 leopard geckos
  15 orcs
  8 giant cockroaches
  4 goblins
  6 hobgoblins
  11 kobolds
  4 quokkas
  4 bats
  2 frilled lizards
  A jackal zombie (D:7)
  A leopard gecko zombie (D:7)
  8 rats
  A fungus (D:8)
  2 plants (D:8)
197 creatures vanquished.

Vanquished Creatures (others)
  A fungus (D:8)
1 creature vanquished.

Grand Total: 198 creatures vanquished

Notes
Turn   | Place    | Note
-------+----------+-------------------------------------------
     0 | D:1      | kae the Minotaur Fighter began the quest for the Orb.
     0 | D:1      | Reached XP level 1. HP: 19/19 MP: 0/0
   505 | D:1      | Reached XP level 2. HP: 27/27 MP: 1/1
  1005 | D:2      | Reached skill level 3 in Long Blades
  1022 | D:2      | Found a burning altar of Makhleb.
  1027 | D:2      | Reached XP level 3. HP: 33/33 MP: 2/2
  1339 | D:2      | Noticed an ogre
  1345 | D:2      | Killed an ogre
  1345 | D:2      | Reached skill level 4 in Long Blades
  1345 | D:2      | Reached XP level 4. HP: 41/41 MP: 3/3
  1345 | D:2      | Reached XP level 5. HP: 47/47 MP: 4/4
  1963 | D:3      | Found an ornate altar of the Wu Jian Council.
  2197 | D:3      | Found an opulent altar of Gozag.
  2652 | D:4      | Noticed Blork the orc
  2658 | D:4      | Killed Blork the orc
  2658 | D:4      | Reached skill level 5 in Long Blades
  2658 | D:4      | Reached XP level 6. HP: 36/55 MP: 5/5
  2792 | D:4      | Found a stormy altar of Qazlal.
  2814 | D:4      | Noticed Edmund
  2822 | D:4      | Killed Edmund
  2822 | D:4      | Reached skill level 5 in Fighting
  2822 | D:4      | Reached skill level 5 in Armour
  2822 | D:4      | Reached skill level 5 in Shields
  2933 | D:4      | Reached skill level 6 in Long Blades
  2942 | D:4      | Reached XP level 7. HP: 45/61 MP: 6/6
  2952 | D:4      | Found a staircase to the Ecumenical Temple.
  2965 | D:4      | Noticed Sigmund
  2998 | D:4      | Killed Sigmund
  3127 | Temple   | Entered the Ecumenical Temple
  3792 | D:4      | Found a shadowy altar of Dithmenos.
  3792 | D:4      | Found a sparkling altar of Nemelex Xobeh.
  3793 | D:4      | Found an ancient bone altar of Kikubaaqudgha.
  3794 | D:4      | Found a white marble altar of Elyvilon.
  3794 | D:4      | Found a bloodstained altar of Trog.
  3964 | D:5      | Entered Level 5 of the Dungeon
  4022 | D:5      | HP: 3/62 [phantom (4)]
  4023 | D:5      | HP: 1/62 [phantom (2)]
  4025 | D:5      | Reached skill level 7 in Long Blades
  4410 | D:4      | Reached XP level 8. HP: 49/70 MP: 7/7
  4677 | D:5      | Reached skill level 8 in Long Blades
  5132 | D:6      | Found Kebity's Book Boutique.
  5147 | D:6      | Found a radiant altar of Vehumet.
  5228 | D:6      | Found a glowing golden altar of the Shining One.
  5397 | D:6      | HP: 3/71 [orc warrior/dire flail (10)]
  5616 | D:6      | Reached skill level 9 in Long Blades
  5949 | D:7      | Reached XP level 9. HP: 75/79 MP: 8/8
  6377 | D:7      | Reached skill level 10 in Long Blades
  6472 | D:7      | Found a snail-covered altar of Cheibriados.
  6472 | D:7      | Found an iron altar of Okawaru.
  6476 | D:7      | Found a blossoming altar of Fedhas.
  6782 | D:6      | HP: 4/81 [poisoned by a killer bee]
  6790 | D:6      | HP: 4/81 [poisoned by a killer bee]
  7672 | D:8      | Reached skill level 11 in Long Blades
  7693 | D:8      | Reached XP level 10. HP: 71/90 MP: 9/9
  8262 | D:8      | Found a staircase to the Lair.
  8487 | D:7      | Became a worshipper of Warmaster Okawaru
  9099 | Lair:1   | Entered Level 1 of the Lair of Beasts
  9113 | Lair:1   | Reached skill level 1 in Invocations
  9341 | Lair:1   | Noticed a spiny frog
  9352 | Lair:1   | Killed a spiny frog
  9352 | Lair:1   | Reached * piety under Okawaru
  9352 | Lair:1   | Reached skill level 1 in Evocations
  9517 | Lair:1   | Found a sparkling altar of Nemelex Xobeh.
  9786 | Lair:1   | Noticed Fannar
  9820 | Lair:1   | Killed Fannar
  9820 | Lair:1   | Reached skill level 12 in Long Blades
 10123 | Lair:1   | Noticed a five-headed hydra
 10129 | Lair:1   | HP: 1/91 [ten-headed hydra (6)]
 10129 | Lair:1   | Mangled by a ten-headed hydra

Vault maps used:
D:1:      dpeg_arrival_arbitrary_a
D:2:      first_bread, makhleb_blood_cavern_becter
D:3:      lemuel_crystal_altar, minmay_misc_feat_hallway,
          nicolae_gozag_seed_capital
D:4:      grunt_temple_overflow_open, minmay_temple_entry_trees,
          grunt_qazlal_sundering, uniq_blork_the_orc, uniq_sigmund, uniq_edmund
D:5:      cheibrodos_fzero, kennysheep_generic_room_4
D:6:      overflow_temple_1_default, vehumet_altar_wand_db, serial_shops,
          nicolae_shop_crystal
D:7:      gammafunk_temple_overflow_forgotten
D:8:      grunt_lair_entry_orc_guard_hut, david_nohive_1
Temple:   jpeg_temple_alley_garden
Lair:1:   basic_altar, uniq_fannar

Skill      XL: |  1  2  3  4  5  6  7  8  9 10 |
---------------+-------------------------------+-----
Long Blades    | 3 4 5 6 7 9 11 12 | 12.0
Fighting       | 4 5 6 7 8 9 |  9.2
Armour         | 4 5 6 7 8 9 |  9.3
Shields        | 4 5 6 7 8 9 |  9.2
Invocations    | 2 |  2.7
Evocations     | 1 |  1.5

Action                   |  1- 3 |  4- 6 |  7- 9 | 10-12 || total
-------------------------+-------+-------+-------+-------++-------
Melee: Long sword        |    66 |    75 |   389 |   175 ||   705
       Headbutt          |     9 |    16 |    70 |    35 ||   130
Invok: Heroism           |       |       |       |     1 ||     1
  Use: Scroll            |     3 |       |    13 |       ||    16
       Potion            |       |       |     3 |     1 ||     4
  Eat: Chunk             |     1 |     5 |    17 |    12 ||    35
       Fruit             |       |       |     2 |       ||     2
       Royal jelly       |       |       |     1 |       ||     1
Armor: Scale mail        |    24 |    32 |   133 |    43 ||   232
Dodge: Dodged            |    37 |    29 |   236 |    76 ||   378
       Deflected         |       |       |     1 |     3 ||     4
Block: Shield            |    25 |       |       |       ||    25
       Buckler           |    16 |    23 |   161 |    46 ||   246
       Rpst.: Long sword |    10 |     5 |    56 |    17 ||    88

Table legend:
 A = Spawn XP
 B = Non-spawn XP
 C = Spawn XP percentage of total XP
 D = Spawn monster count
 E = Non-spawn monster count
 F = Spawn count percentage of total count
 G = Total turns spent on level
                    A         B        C        D         E        F      G
               +---------+---------+-------+---------+---------+-------+---------
         Total |       0 |    9104 |   0.0 |       0 |     194 |   0.0 | 10129
               +---------+---------+-------+---------+---------+-------+---------
           D:1 |       0 |      17 |   0.0 |       0 |      12 |   0.0 |   987
           D:2 |       0 |     192 |   0.0 |       0 |      20 |   0.0 |   963
           D:3 |       0 |      96 |   0.0 |       0 |      15 |   0.0 |   701
           D:4 |       0 |     832 |   0.0 |       0 |      24 |   0.0 |  1133
           D:5 |       0 |     722 |   0.0 |       0 |      24 |   0.0 |  1088
           D:6 |       0 |     778 |   0.0 |       0 |      20 |   0.0 |  1070
           D:7 |       0 |    1844 |   0.0 |       0 |      34 |   0.0 |  1346
           D:8 |       0 |    2617 |   0.0 |       0 |      40 |   0.0 |  1576
        Lair:1 |       0 |    2006 |   0.0 |       0 |       5 |   0.0 |  1030
               +---------+---------+-------+---------+---------+-------+---------
